Map: 2000 Atmospheres LE

Players

Pumba - Winner!

  • Race: Protoss Protoss
  • League: Platinum
  • Spawn Location: 3:00

ipman

  • Race: Terran Terran
  • League: Diamond
  • Spawn Location: 7:00

VOD

Have the link to the VOD?

Description

Time

  • Played on: Feb. 8, 2022, 8:19 p.m.
  • Length: 9:05
Show
View Real Time Build Order
Export as new Build Order

Pumba Protoss - Winner!

Build Orders: 1 Gate Expand, Phoenix Opening 

Get SALT Encoding   

  12  0:00  Probe  
  13  0:12  Probe  
  14  0:18  Pylon  
  14  0:24  Probe  
  15  0:36  Probe (Chrono Boost)  
  15  0:40  Gateway  
  16  0:48  Probe (Chrono Boost), Assimilator  
  17  0:54  Probe (Chrono Boost)  
  18  1:06  Probe  
  19  1:18  Probe  
  20  1:24  Nexus  
  20  1:32  Cybernetics Core  
  20  1:36  Probe  
  21  1:41  Assimilator  
  21  1:52  Probe, Pylon  
  22  2:04  Probe  
  22  2:07  Adept (Chrono Boost)  
  25  2:16  Probe  
  26  2:23  Stargate  
  26  2:28  Probe (Chrono Boost)  
  27  2:30  Adept (Chrono Boost)  
  27  2:36  Pylon  
  29  2:37  Probe (Chrono Boost)  
  31  2:46  Probe (Chrono Boost)  
  31  2:48  Probe (Chrono Boost)  
  32  2:53  Probe (Chrono Boost)  
  33  3:06  Probe  
  34  3:14  Phoenix (Chrono Boost), Probe  
  34  3:18  Probe  
  34  3:19  Gateway  
  38  3:22  Gateway, Pylon  
  38  3:26  Probe  
  39  3:30  Probe  
  39  3:33  Warp Gate  
  39  3:34  Adept  
  42  3:38  Phoenix (Chrono Boost)  
  44  3:42  Probe x2  
  46  3:54  Probe  
  47  3:56  Nexus  
  47  3:59  Probe  
  48  4:06  Probe  
  49  4:13  Probe  
  50  4:17  Twilight Council  
  50  4:19  Forge  
  50  4:21  Probe, Pylon  
  51  4:25  Phoenix (Chrono Boost)  
  53  4:31  Probe  
  53  4:34  Probe, Pylon  
  55  4:41  Phoenix (Chrono Boost)  
  55  4:44  Protoss Ground Weapons Level 1, Probe  
  58  4:46  Probe  
  58  4:48  Charge (Chrono Boost)  
  59  4:55  Zealot  
  59  4:56  Zealot x2  
  65  5:06  Gateway  
  65  5:09  Gateway  
  65  5:10  Gateway  
  65  5:13  Phoenix  
  67  5:16  Probe  
  68  5:27  Probe x2  
  68  5:28  Probe  
  71  5:31  Gateway  
  71  5:33  Gateway  
  71  5:34  Zealot x2  
  75  5:35  Sentry  
  75  5:39  Probe  
  78  5:49  Probe  
  79  5:51  Shield Battery, Probe  
  79  5:52  Probe  
  79  5:55  Shield Battery  
  81  6:01  Probe  
  82  6:16  Probe  
  82  6:17  Probe  
  84  6:18  Zealot  
  84  6:19  Zealot x3  
  84  6:23  Pylon  
  84  6:24  Pylon  
  92  6:26  Pylon  
  92  6:29  Templar Archives  
  92  6:32  Pylon  
  92  6:34  Pylon  
  92  6:36  Pylon  
  92  6:42  Pylon  
  91  6:56  Zealot x2  
  91  6:57  Zealot x6  
  91  6:59  Probe  
  108  7:02  Gateway  
  108  7:03  Gateway  
  108  7:06  Gateway  
  108  7:10  Gateway  
  108  7:24  Zealot x8  
  124  7:35  Twilight Council  
  124  7:37  Pylon  
  122  7:40  Pylon  
  122  7:52  Zealot x5  
  128  8:08  Forge  
  128  8:12  Zealot x6, Pylon  
  140  8:16  Pylon  
  140  8:19  Pylon  
  140  8:20  Pylon  
  140  8:24  Pylon  
  140  8:28  Cybernetics Core  
  138  8:43  Nexus  
  130  8:54  Nexus  
Show
View Real Time Build Order
Export as new Build Order

ipman Terran 

Build Orders: Reaper Expand 

Get SALT Encoding   

  12  0:01  SCV  
  13  0:14  SCV  
  14  0:17  Supply Depot  
  14  0:27  SCV  
  15  0:40  SCV  
  16  0:42  Barracks  
  16  0:46  Refinery  
  16  0:52  SCV  
  17  1:04  SCV  
  18  1:17  SCV  
  19  1:30  Orbital Command  
  19  1:31  Reaper  
  20  1:49  Command Center  
  20  1:57  Refinery, SCV  
  21  2:07  Supply Depot  
  21  2:09  SCV  
  21  2:10  Barracks Tech Lab  
  22  2:21  SCV  
  23  2:33  Barracks, SCV  
  24  2:38  Barracks  
  24  2:42  Marine  
  25  2:47  SCV  
  26  3:00  SCV  
  26  3:04  Engineering Bay, SCV  
  28  3:09  Marauder  
  28  3:20  Orbital Command  
  28  3:24  Barracks Reactor  
  27  3:36  Missile Turret  
  27  3:37  Marine x2  
  29  3:43  Stimpack  
  29  3:49  SCV  
  29  3:55  Marine  
  31  3:59  SCV  
  31  4:01  SCV  
  33  4:08  Marine x2  
  35  4:11  SCV  
  35  4:12  Missile Turret  
  35  4:13  SCV  
  35  4:16  Marauder  
  39  4:17  Barracks Reactor  
  39  4:23  SCV  
  39  4:28  Factory, Marine  
  39  4:29  Marine  
  41  4:33  SCV  
  41  4:35  SCV  
  41  4:37  Marine  
  44  4:44  Supply Depot  
  44  4:45  Supply Depot, SCV  
  45  4:47  SCV  
  45  4:49  Terran Infantry Weapons Level 1  
  46  5:05  Marine x5  
  46  5:06  Supply Depot  
  51  5:08  Refinery, SCV x2  
  51  5:09  Supply Depot, Refinery  
  51  5:13  Factory Reactor  
  53  5:14  Starport  
  52  5:23  Marine x2  
  53  5:29  SCV x2  
  53  5:31  Marine  
  53  5:32  Marine x2  
  53  5:33  Combat Shield  
  58  5:40  Missile Turret  
  58  5:41  Marine  
  59  5:44  SCV  
  59  5:46  Missile Turret  
  60  5:53  Marine x2  
  60  5:54  Marauder  
  64  6:02  Medivac x2  
  67  6:05  Factory Reactor  
  67  6:08  SCV x2  
  69  6:12  Command Center  
  69  6:20  SCV  
  69  6:23  SCV  
  71  6:32  SCV, Medivac x2, Marine x2  
  78  6:43  Terran Infantry Armor Level 1  
  78  6:44  Marine  
  78  6:46  Marine  
  77  6:54  Marine x2  
  78  7:02  Marine x2  
  78  7:04  Marine  
  81  7:13  Marine x2  
  83  7:20  Marine x2  
  83  7:21  Marine  
  86  7:46  Marine x2  
  62  8:10  Factory  
  62  8:11  Liberator x2  
  63  8:15  SCV x2  
  65  8:23  Armory  
  65  8:27  SCV, Factory  
  65  8:30  Engineering Bay  
  65  8:32  Marine x5  
  65  8:34  SCV  
Tags
 
Add a new tag
Caveats
  • Supply blocks, unpowered buildings, or Contaminate may cause inaccurate times.
  • Supply counts are checked every 10 seconds.